 Dungeon Sprint DCSS version 0.30-a0-859-gf88a04b62d (webtiles) character file.

Game seed: 6260288313802379403

3331 rocky1 the Imperceptible (level 9, -13/47 HPs)
             Began as a Spriggan Brigand on Mar 7, 2023.
             Was an Elder of Okawaru.
             Mangled by a spriggan defender
             ... wielding a +5 rapier of draining
              (31 damage)
             ... in the Dungeon (Sprint IV: "Fedhas' Mad Dash").
             The game lasted 00:04:03 (1695 turns).

rocky1 the Imperceptible (Spriggan Brigand)         Turns: 1695, Time: 00:04:04

Health: -13/47     AC:  3    Str:  7    XL:     9   Next: 71%
Magic:  5/12       EV: 22    Int: 13    God:    Okawaru [****..]
Gold:   139        SH:  0    Dex: 20    Spells: 8/8 levels left

rFire   . . .      SeeInvis +    a - +2 dagger
rCold   . . .      Faith    .    (no shield)
rNeg    . . .      Spirit   .    b - +0 robe
rPois   .          Reflect  .    (helmet restricted)
rElec   .          Rampage  .    c - +0 cloak
rCorr   .          NoTele   +    (gloves unavailable)
Will    +....                    (boots unavailable)
Stlth   ++++++++++               j - amulet of invisibility {+Inv}
HPRegen 0.27/turn                (no ring)
MPRegen 0.13/turn                (no ring)

@: heroic, finesse-ful, very slightly contaminated, invisible, very quick
A: very small, no large weapons, unfitting armour, see invisible, speed 3
a: Renounce Religion, Evoke Invisibility, Heroism, Finesse


You were in the Dungeon.
You worshipped Okawaru.
Okawaru was greatly pleased with you.
You visited 1 branch You collected 139 gold pieces.

Inventory:

Hand Weapons
 a - a +2 dagger (weapon)
Missiles
 d - 9 poisoned darts (quivered)
Armour
 b - a +0 robe (worn)
 c - a +0 cloak (worn)
Jewellery
 j - the amulet of invisibility (around neck) {+Inv}
   (You found it in the Dungeon)

   [amulet of nothing]

   +Inv:      It lets you turn invisible.
 n - an amulet of faith
Scrolls
 m - a scroll of identify {unknown}
Potions
 f - a potion of curing
 h - a potion of haste
 i - 2 potions of magic
 l - a potion of degeneration {unknown}


   Skills:
 + Level 5.2(10.2) Fighting
 + Level 7.7(12.7) Short Blades
 + Level 5.1(10.1) Throwing
 + Level 2.2(7.2) Dodging
 + Level 26.2(27) Stealth
 * Level 3.1 Invocations
 + Level 11.7 Evocations


You had 8 spell levels left.
You didn't know any spells.
Your spell library contained the following spells:

 Spells                   Type           Power      Damage    Failure   Level
 Frozen Ramparts          Ice            0%         1d1       67%         3
 Ice Form                 Ice/Tmut       0%         N/A       97%         4
 Summon Ice Beast         Ice/Summ       Unusable   N/A       N/A         4

Dungeon Overview and Level Annotations

Branches:
Dungeon (1/1)

Altars:
Cheibriados
Dithmenos
Elyvilon
Gozag
Hepliaklqana
Kikubaaqudgha
Makhleb
Nemelex Xobeh
Okawaru
Qazlal
Ru
Sif Muna
Trog
Uskayaw
Vehumet
Wu Jian
Xom
Yredelemnul
Zin
The Shining One
Jiyva
Lugonu

Shops:
D ((

Annotations:
D Agnes


Innate Abilities, Weirdness & Mutations

You are very small and have problems with some larger weapons.
You are too small for most types of armour.
You have supernaturally acute eyesight. (SInv)
You cover ground extremely quickly. (Speed+++)


Message History

You feel much better.
You can now deal lightning-fast blows.
Agnes closely misses you. Agnes barely misses you.
You hit Agnes. You punch Agnes.
Agnes is moderately wounded.
You hit Agnes but do no damage. Your punch misses Agnes.
Agnes is moderately wounded.
The spriggan defender shouts!
You hit Agnes but do no damage.
Agnes is moderately wounded.
You closely miss Agnes.
Agnes is moderately wounded.
Agnes hits you with a +0 lajatang!
You puncture Agnes!
Agnes is moderately wounded.
You hit Agnes.
Agnes is moderately wounded.
You miss Agnes.
Agnes is moderately wounded.
You hit Agnes.
Agnes is heavily wounded.
You hit Agnes but do no damage.
Agnes is heavily wounded.
Agnes completely misses you.
You miss Agnes.
Agnes is heavily wounded.
You miss Agnes.
Agnes is heavily wounded.
You hit Agnes.
Agnes is heavily wounded.
Agnes hits you with a +0 lajatang.
You miss Agnes.
Agnes is heavily wounded.
You hit Agnes. You punch Agnes.
Agnes is heavily wounded.
You hit Agnes.
Agnes is heavily wounded.
The spriggan defender hits you with a +5 rapier of draining!!
Ouch! That really hurt!
You die...

##############
♣♣..♣.###.'.)+
..♣..♣##..#..#
♣♣.♣).###.##'#
.♣...♣'...#♣.♣###
###########.....###
#..♣(.♣....###
#.).♣..(...♣...♣##
........♣...i@i.∩...)
..####################


You could see Agnes (very poisoned, slow) and a spriggan defender.

Vanquished Creatures
  A spriggan berserker (D)
  A spriggan druid (D)
  3 oklob plants (D)
  A queen bee (D)
  A wandering mushroom (D)
  2 burning bushes (D)
  A scorpion (D)
  4 killer bees (D)
  4 oklob saplings (D)
  A river rat (D)
  A rat (D)
  A ballistomycete spore (D)
21 creatures vanquished.

Notes
Turn   | Place    | Note
-------+----------+-------------------------------------------
     0 | D        | rocky1 the Spriggan Brigand began the quest for the Orb.
     0 | D        | Reached XP level 1. HP: 10/10 MP: 2/2
    10 | D        | Reached skill level 8 in Stealth
    10 | D        | Reached XP level 2. HP: 15/15 MP: 3/3
    18 | D        | Noticed an oklob sapling
    20 | D        | Killed an oklob sapling
    21 | D        | Reached skill level 10 in Stealth
    21 | D        | Reached XP level 3. HP: 18/18 MP: 4/4
    23 | D        | Noticed a scorpion
    23 | D        | Found the amulet of invisibility {+Inv}
    28 | D        | Killed a scorpion
    29 | D        | Reached skill level 12 in Stealth
    29 | D        | Reached XP level 4. HP: 20/23 MP: 5/5
   119 | D        | Found an opulent altar of Gozag.
   119 | D        | Found a hazy altar of Hepliaklqana.
   119 | D        | Found a burning altar of Makhleb.
   119 | D        | Found a sparkling altar of Nemelex Xobeh.
   119 | D        | Found a snail-covered altar of Cheibriados.
   119 | D        | Found a sacrificial altar of Ru.
   119 | D        | Found a shimmering blue altar of Sif Muna.
   119 | D        | Found a shimmering altar of Xom.
   119 | D        | Found a basalt altar of Yredelemnul.
   120 | D        | Found a viscous altar of Jiyva.
   120 | D        | Found a bloodstained altar of Trog.
   120 | D        | Found an ornate altar of the Wu Jian Council.
   121 | D        | Found an iron altar of Okawaru.
   121 | D        | Found a shadowy altar of Dithmenos.
   121 | D        | Found a glowing silver altar of Zin.
   122 | D        | Found an ancient bone altar of Kikubaaqudgha.
   122 | D        | Found a hide-covered altar of Uskayaw.
   123 | D        | Found a stormy altar of Qazlal.
   123 | D        | Found a white marble altar of Elyvilon.
   123 | D        | Found a glowing golden altar of the Shining One.
   124 | D        | Found a corrupted altar of Lugonu.
   124 | D        | Found a radiant altar of Vehumet.
   129 | D        | Reached skill level 14 in Stealth
   129 | D        | Reached skill level 1 in Evocations
   129 | D        | Reached XP level 5. HP: 28/28 MP: 6/6
   139 | D        | Became a worshipper of Warmaster Okawaru
   382 | D        | Noticed a queen bee
   717 | D        | Killed a queen bee
   718 | D        | Reached skill level 18 in Stealth
   718 | D        | Reached XP level 6. HP: 33/33 MP: 7/7
   720 | D        | Reached skill level 5 in Short Blades
   720 | D        | Reached skill level 5 in Evocations
   721 | D        | Reached * piety under Okawaru
   722 | D        | Reached skill level 19 in Stealth
   722 | D        | Reached XP level 7. HP: 37/37 MP: 8/8
  1050 | D        | Noticed an oklob plant
  1053 | D        | Killed an oklob plant
  1053 | D        | Reached ** piety under Okawaru
  1054 | D        | Reached skill level 21 in Stealth
  1069 | D        | Noticed a burning bush
  1072 | D        | Killed a burning bush
  1073 | D        | Reached skill level 22 in Stealth
  1073 | D        | Reached XP level 8. HP: 42/42 MP: 9/9
  1083 | D        | Identified the +1 leather armour "Maunt" {rCorr}
  1304 | D        | Noticed a burning bush
  1304 | D        | Noticed an oklob plant
  1305 | D        | Noticed a wandering mushroom
  1306 | D        | Killed a burning bush
  1311 | D        | Killed an oklob plant
  1311 | D        | Reached *** piety under Okawaru
  1312 | D        | Reached skill level 5 in Throwing
  1312 | D        | Reached skill level 23 in Stealth
  1315 | D        | Killed a wandering mushroom
  1316 | D        | Reached skill level 24 in Stealth
  1316 | D        | Reached XP level 9. HP: 46/46 MP: 10/10
  1463 | D        | Noticed a spriggan druid
  1464 | D        | Killed a spriggan druid
  1464 | D        | Reached **** piety under Okawaru
  1465 | D        | Reached skill level 5 in Fighting
  1465 | D        | Reached skill level 25 in Stealth
  1465 | D        | Reached skill level 10 in Evocations
  1480 | D        | Noticed an oklob plant conjurer
  1482 | D        | Killed an oklob plant conjurer
  1483 | D        | Reached skill level 1 in Invocations
  1667 | D        | Noticed Agnes
  1669 | D        | Found Wayco's Antique Weapon Emporium.
  1669 | D        | Noticed a spriggan berserker
  1673 | D        | Killed a spriggan berserker
  1673 | D        | Reached ***** piety under Okawaru
  1674 | D        | Reached skill level 26 in Stealth
  1675 | D        | Found Wipicuro's Weapon Shoppe.
  1675 | D        | Noticed a spriggan defender
  1695 | D        | Mangled by a spriggan defender

Illustrated notes

Levels and vault maps discovered:
D:        dungeon_sprint_fedhas [sprint_temple]

Skill      XL: |  1  2  3  4  5  6  7  8  9 |
---------------+----------------------------+-----
Stealth        | 8 10 12 14 18 19 22 24 26 | 26.2
Fighting       | 2 3 4 5 |  5.2
Short Blades   | 3 4 5 6 7 |  7.7
Throwing       | 3 4 5 |  5.1
Evocations     | 1 4 5 7 9 11 | 11.7
Dodging        | 2 |  2.2
Invocations    | 3 |  3.1

Action                     |  1- 3 |  4- 6 |  7- 9 || total
---------------------------+-------+-------+-------++-------
  Melee: Dagger            |     6 |     6 |    26 ||    38
         Punch             |       |       |     2 ||     2
  Throw: Dart              |       |       |     3 ||     3
 Invoke: Heroism           |       |       |     1 ||     1
         Finesse           |       |       |     1 ||     1
Ability: Evoke Invisibilit |       |     3 |     5 ||     8
    Use: Potion            |     1 |       |     1 ||     2
         Scroll            |       |       |     1 ||     1
   Stab: Sleeping          |     3 |     6 |    11 ||    20
  Dodge: Dodged            |       |       |     4 ||     4

Table legend: (Time is in decaauts)
 A = Elapsed time spent in this place.
 B = Non-inter-level travel time spent in this place.
 C = Inter-level travel time spent in this place.
 D = Time resting spent in this place.
 E = Time spent auto-exploring this place.
 F = Levels seen in this place.
 G = Mean time per level.
                   A        B        C        D        E       F      G
               +--------+--------+--------+--------+--------+-----+--------+
         Total |   1613 |   1613 |      0 |   1416 |      0 |   1 | 1613.0 |
       Dungeon |   1613 |   1613 |      0 |   1416 |      0 |   1 | 1613.0 |
               +--------+--------+--------+--------+--------+-----+--------+

Top non-repeatable levels by time:
       D: 1613 daAuts
